 Dungeon Crawl Stone Soup version 0.21-a0-358-g8928369 (webtiles) character file.

247 Dfrag the Firebug (level 5, 0/35 HPs)
             Began as a Demonspawn Fire Elementalist on Oct 12, 2017.
             Slain by an iguana (10 damage)
             ... on level 4 of the Dungeon.
             The game lasted 00:03:34 (3045 turns).

Dfrag the Firebug (Demonspawn Fire Elementalist)    Turns: 3045, Time: 00:03:34

Health: 0/35       AC:  3    Str:  8    XL:     5   Next: 85%
Magic:  0/10       EV: 12    Int: 18    God:
Gold:   226        SH:  0    Dex: 13    Spells: 3/11 levels left

rFire    . . .     SeeInvis .   v - +0 dagger (venom)
rCold    . . .     Gourm    .   (no shield)
rNeg     + . .     Faith    .   a - +0 robe
rPois    .         Spirit   .   (no helmet)
rElec    .         Reflect  .   (no cloak)
rCorr    .         Harm     .   t - +0 pair of gloves
MR       .....                  (no boots)
Stlth    ++++......             (no amulet)
HPRegen  0.11/turn              e - ring of stealth
MPRegen  0.12/turn              p - ring of positive energy

@: very slightly contaminated
A: nightstalker 1, sturdy frame 2
a: no special abilities


You were on level 4 of the Dungeon.
You were not hungry.

You visited 1 branch of the dungeon, and saw 4 of its levels.

You collected 226 gold pieces.

Inventory:

Hand Weapons
 h - a +0 dagger
 v - a +0 dagger of venom (weapon)
Armour
 a - a +0 robe (worn)
 t - a +0 pair of gloves (worn)
Jewellery
 e - a ring of stealth (left hand)
 p - a ring of positive energy (right hand)
Wands
 q - a wand of flame (28/48)
Scrolls
 i - 3 scrolls of identify {unknown}
 l - a scroll of magic mapping {unknown}
 o - a scroll of teleportation {unknown}
 r - 2 scrolls of immolation {unknown}
 s - a scroll of enchant armour {unknown}
 u - 2 scrolls of remove curse {unknown}
 y - a scroll of noise {unknown}
Potions
 d - a potion of flight {unknown}
 g - 2 potions of curing {unknown}
 j - 2 potions of degeneration {unknown}
 n - a potion of berserk rage {unknown}
 w - a potion of magic {unknown}
 x - a potion of brilliance {unknown}
Books
 b - a book of Flames

   Spells                             Type                      Level
   a - Flame Tongue                   Conjuration/Fire             1
   b - Throw Flame                    Conjuration/Fire             2
   c - Conjure Flame                  Conjuration/Fire             3
   d - Inner Flame                    Hexes/Fire                   3
   e - Sticky Flame                   Conjuration/Fire             4
   f - Fireball                       Conjuration/Fire             5
Comestibles
 c - 3 bread rations
 f - 4 meat rations
 k - 2 royal jellies
 m - 4 fruits
 z - 5 chunks of flesh


   Skills:
 - Level 1.7 Dodging
 - Level 1.7 Stealth
 + Level 3.6 Spellcasting
 + Level 3.4 Conjurations
 + Level 4.1 Fire Magic


You had 3 spell levels left.
You knew the following spells:

 Your Spells              Type           Power        Failure   Level  Hunger
a - Flame Tongue          Conj/Fire      ###..        3%          1    None
b - Conjure Flame         Conj/Fire      ###.....     10%         3    ###....
c - Sticky Flame          Conj/Fire      ###.....     32%         4    ####...


Dungeon Overview and Level Annotations

Branches:
Dungeon (4/15)
 Temple: D:4-7

Altars:
Kikubaaqudgha
Qazlal
Sif Muna
Uskayaw


Innate Abilities, Weirdness & Mutations

You are slightly more attuned to the shadows.
Your movements are less encumbered by armour. (ER -4)


Message History

Casting: Flame Tongue
Confirm with . or Enter, or press ? or * to list all spells.
Aiming: Sticky Flame
Press: ? - help, Shift-Dir - straight line, f - iguana
Aim: an iguana (moderately wounded)
You miscast Sticky Flame.
You are very lightly contaminated with residual magic.
Wisps of smoke drift from your hands. The iguana bites you!
* * * LOW HITPOINT WARNING * * *
Unknown command.
Casting: Sticky Flame
Confirm with . or Enter, or press ? or * to list all spells.
Aiming: Sticky Flame
Press: ? - help, Shift-Dir - straight line, f/p - iguana
Aim: an iguana (lightly wounded)
The sticky flame hits the iguana.
The iguana is moderately wounded.
The iguana is covered in liquid flames!
The iguana burns!
The iguana burns!
The iguana bites you!
You die...

#..........#..........
#.....###........#....
#.....# #........#####
####### #....#..## #
#..###..# # #..###..#
#. #....... #.
#######.###### #.
#.l@....# .. #.#######
# . #.# ..# ####


You could see an iguana (burning).

Vanquished Creatures
  An ogre (D:4)
  A howler monkey (D:3)
  An orc priest (D:4)
  4 adders (D:3)
  2 worms
  A dart slug (D:1)
  3 leopard geckos (D:1)
  5 orcs
  2 giant cockroaches
  2 goblins (D:3)
  5 hobgoblins
  6 kobolds
  4 bats
  6 frilled lizards
  5 rats
48 creatures vanquished.

Notes
Turn   | Place    | Note
-------+----------+-------------------------------------------
     0 | D:1      | Dfrag the Demonspawn Fire Elementalist began the quest for the Orb.
     0 | D:1      | Reached XP level 1. HP: 13/13 MP: 3/3
   332 | D:1      | Gained mutation: Your movements are slightly less encumbered by armour. (ER -2) [demonic ancestry]
   332 | D:1      | Reached XP level 2. HP: 16/19 MP: 3/5
   410 | D:1      | Reached skill level 3 in Fire Magic
   546 | D:1      | You fall through a shaft!
   570 | D:2      | Found an ancient bone altar of Kikubaaqudgha.
   794 | D:2      | Found a hide-covered altar of Uskayaw.
  1065 | D:2      | Gained mutation: Your movements are less encumbered by armour. (ER -4) [demonic ancestry]
  1065 | D:2      | Reached XP level 3. HP: 22/24 MP: 4/6
  1624 | D:3      | Gained mutation: You are slightly more attuned to the shadows. [demonic ancestry]
  1624 | D:3      | Reached XP level 4. HP: 9/30 MP: 3/8
  1844 | D:3      | Found a stormy altar of Qazlal.
  1900 | D:3      | Learned a level 3 spell: Conjure Flame
  1905 | D:3      | Learned a level 4 spell: Sticky Flame
  1969 | D:3      | Found a deep blue altar of Sif Muna.
  2921 | D:4      | Noticed an ogre
  2930 | D:4      | Killed an ogre
  2930 | D:4      | Reached XP level 5. HP: 35/35 MP: 3/10
  2973 | D:4      | Reached skill level 4 in Fire Magic
  3045 | D:4      | Slain by an iguana

Vault maps used:
D:1:      scummos_arrival_star
D:2:      kiku_gazebo_pond_becter, lemuel_crystal_altar
D:3:      kennysheep_big_flooded_room, led_sif_pool,
          nicolae_overflow_crystal_walls, first_bread
D:4:      kennysheep_mini, nicolae_ossuary_entry_giza

Skill      XL: |  1  2  3  4  5 |
---------------+----------------+-----
Fire Magic     | 3 4 |  4.1
Conjurations   | 2 3 |  3.4
Spellcasting   | 3 |  3.6
Dodging        | |  1.7
Stealth        | |  1.7

Action                   |  1- 3 |  4- 6 || total
-------------------------+-------+-------++-------
Melee: Dagger            |    37 |    24 ||    61
       Unarmed           |    11 |       ||    11
 Cast: Flame Tongue      |    31 |    39 ||    70
       Sticky Flame      |       |     2 ||     2
 Stab: Sleeping          |     9 |     5 ||    14
  Eat: Chunk             |     2 |     5 ||     7
Armor: Robe              |    17 |     7 ||    24
Dodge: Dodged            |    38 |    32 ||    70

Table legend:
 A = Spawn XP
 B = Non-spawn XP
 C = Spawn XP percentage of total XP
 D = Spawn monster count
 E = Non-spawn monster count
 F = Spawn count percentage of total count
 G = Total turns spent on level
                    A         B        C        D         E        F      G
               +---------+---------+-------+---------+---------+-------+---------
         Total |       0 |     354 |   0.0 |       0 |      48 |   0.0 |  3045
               +---------+---------+-------+---------+---------+-------+---------
           D:1 |       0 |      27 |   0.0 |       0 |      14 |   0.0 |   689
           D:2 |       0 |      16 |   0.0 |       0 |       8 |   0.0 |   802
           D:3 |       0 |     129 |   0.0 |       0 |      19 |   0.0 |  1424
           D:4 |       0 |     182 |   0.0 |       0 |       7 |   0.0 |   130
               +---------+---------+-------+---------+---------+-------+---------
